 Dungeon Crawl Stone Soup version 0.28-a0-199-g298df9dbad (webtiles) character file.

Game seed: 12492309192939617942

39 gruber the Magician (level 3, -1/25 HPs)
             Began as a Djinni Ice Elementalist on Aug 19, 2021.
             Slain by an adder (4 damage)
             ... on level 2 of the Dungeon.
             The game lasted 00:00:57 (1947 turns).

gruber the Magician (Djinni Ice Elementalist)       Turns: 1947, Time: 00:00:57

Health: -1/25      AC:  2    Str:  7    XL:     3   Next: 67%
Gold:   48         EV: 12    Int: 17    God:
                   SH:  0    Dex: 13

rFire   + + .      SeeInvis .   c - +0 short sword
rCold   x . .      Faith    .   (no shield)
rNeg    . . .      Spirit   .   a - +0 robe
rPois   ∞          Reflect  .   (no helmet)
rElec   .          Harm     .   (no cloak)
rCorr   .          Rampage  .   (no gloves)
Will    +....                   (boots unavailable)
Stlth   ++........              (no amulet)
HPRegen 0.08/turn               f - ring of willpower
MPRegen 0.00/turn               (no ring)

@: flying
A: sickness immunity, fire resistance 2, cold vulnerability 1, float, innate
caster, hp casting, extra vitality 1
a: no special abilities


You were on level 2 of the Dungeon.
You visited 1 branch of the dungeon, and saw 2 of its levels.

You collected 48 gold pieces.

Inventory:

Hand Weapons
 c - a +0 short sword (weapon)
Armour
 a - a +0 robe (worn)
Jewellery
 f - a ring of willpower (left hand)
Scrolls
 b - a scroll of fear {unknown}
 d - a scroll of identify {unknown}
 g - a scroll of noise {unknown}
 h - a scroll of teleportation {unknown}
 i - a scroll of immolation {unknown}
 j - a scroll of brand weapon {unknown}
Potions
 e - 2 potions of attraction {unknown}


   Skills:
 - Level 2.1 Dodging
 - Level 1.5 Stealth
 + Level 4.1 Spellcasting


You couldn't memorise any spells.
You knew the following spells:

 Your Spells              Type           Power      Damage    Failure   Level
a - Freeze                Ice            68%        1d8       2%          1
b - Frozen Ramparts       Ice            34%        1d5       9%          3
c - Ozocubu's Armour      Ice            17%        N/A       9%          3
d - Hailstorm             Conj/Ice       17%        3d6       28%         4
e - Corona                Hex            18%        N/A       2%          1
Your spell library was empty.

Dungeon Overview and Level Annotations

Branches:
Dungeon (2/15)

Altars:


Innate Abilities, Weirdness & Mutations

You are immune to sickness and miasma.
You are immune to poison.
Your flesh is very heat resistant. (rF++)
You are vulnerable to cold. (rC-)
You float through the air rather than walking.
You learn spells naturally, not from books.
Your magical power is your life essence.
You have superior vitality. (+4 HP)


Message History

No target in view!
You can't see any susceptible monsters within range! (Use Z to cast anyway.) No target in view!
No target in view!
You can't see any susceptible monsters within range! (Use Z to cast anyway.) No target in view!
You can't see any susceptible monsters within range! (Use Z to cast anyway.)
An adder and a hobgoblin come into view.
The adder hisses angrily.
You hear a shout!
The ball python hisses angrily.
There are monsters nearby!
The hobgoblin barely misses you. The adder bites you but does no damage.
A gnoll comes into view. It is wielding a +1 spear of venom.
Found a hand axe.
You hit the adder.
The adder is lightly wounded.
The ball python bites you. The ball python barely misses you.
The adder bites you. The hobgoblin barely misses you.
The gnoll closely misses you. The adder barely misses you.
The ball python closely misses you. x2
You freeze the adder.
The adder is moderately wounded.
The hobgoblin completely misses you. The adder barely misses you.
The ball python bites you. The ball python grabs you.
The ball python constricts you. The gnoll closely misses you.
You freeze the ball python.
The ball python is moderately wounded.
The ball python seems to slow down.
The hobgoblin hits you. The adder bites you.
The gnoll hits you from afar with a +1 spear of venom.
* * * LOW HITPOINT WARNING * * *
The ball python bites you.
* * * LOW HITPOINT WARNING * * *
The ball python constricts you.
* * * LOW HITPOINT WARNING * * *
Unknown command.
You escape the ball python's grasp.
The adder barely misses you.
There is an open door here.
The adder bites you.
You die...

#.#.############..#
#.#.# ######.#
#.#.# ..#!(#.#
#...# ##...)#.#
##### #.S..##.#
##g# #.(# #..####.#
#'##.#..# #.gS@...#
#########


You could see an adder and a hobgoblin.

Vanquished Creatures
  An adder (D:2)
  2 ball pythons (D:1)
  3 endoplasms
  2 giant cockroaches (D:1)
  3 goblins (D:2)
  4 hobgoblins (D:1)
  2 kobolds (D:1)
  3 quokkas (D:1)
  A bat (D:1)
  2 frilled lizards (D:1)
  2 rats
25 creatures vanquished.

Notes
Turn   | Place    | Note
-------+----------+-------------------------------------------
     0 | D:1      | gruber the Djinni Ice Elementalist began the quest for the
                  | Orb.
     0 | D:1      | Reached XP level 1. HP: 15/15 MP: 0/0
   206 | D:1      | Found a faded altar of an unknown god.
   479 | D:1      | Reached XP level 2. HP: 20/21 MP: 0/0
  1185 | D:1      | Reached XP level 3. HP: 24/25 MP: 0/0
  1185 | D:1      | Learned a level 1 spell: Corona
  1428 | D:1      | You are sucked into a shaft and drop 1 floor!
  1596 | D:2      | Reached skill level 4 in Spellcasting
  1947 | D:2      | Slain by an adder

Illustrated notes

Levels and vault maps discovered:
D:1:      ncdulo_lavacross, layout_loops_corners,
          dreamdust_ecumenical_altar_hidden_monk_grotto
D:2:      minmay_wonky_spiral, layout_basic, minmay_cupped, uniq_jessica

Skill      XL: |  1  2  3 |
---------------+----------+-----
Spellcasting   | 4 |  4.1
Dodging        | |  2.1
Stealth        | |  1.5

Action                   || total
-------------------------++-------
Melee: Short sword       ||    19
       Unarmed           ||     1
 Cast: Freeze            ||    35
 Stab: Sleeping          ||     1
Armor: Robe              ||    12
Dodge: Dodged            ||    30

Table legend: (Time is in decaauts)
 A = Elapsed time spent in this place.
 B = Non-inter-level travel time spent in this place.
 C = Inter-level travel time spent in this place.
 D = Time resting spent in this place.
 E = Time spent auto-exploring this place.
 F = Levels seen in this place.
 G = Mean time per level.
                   A        B        C        D        E       F      G
               +--------+--------+--------+--------+--------+-----+--------+
         Total |   1948 |   1846 |    102 |      0 |   1686 |   2 |  974.0 |
       Dungeon |   1948 |   1846 |    102 |      0 |   1686 |   2 |  974.0 |
               +--------+--------+--------+--------+--------+-----+--------+

Top non-repeatable levels by time:
     D:1: 1549 daAuts
     D:2: 399 daAuts
